AoeStats
← HunterG

Black Forest

509034754Analyzed
4v4 RM · 6d ago on Sep 25, 2026· 42m 32s· 8 players
Game mode
Random Map
Map size
Large (8 player)
Population
200
Speed
Normal
Resources
Standard
Victory
Conquest
Starting age
Dark Age
Ending age
Imperial Age
RankedLock teamsTeams togetherTeam positionsShared explorationLock speedFull tech treeHidden civsTurbo modeCheats
Victory
Defeat
🇵🇪 Burgundians · Peru
1135
+11
🇺🇸 Bengalis · United States
1088
+12
🇲🇽 Franks · Mexico
1066
+13
🇺🇸 Lithuanians · United States
1010
+15
🇲🇽 Ethiopians · Mexico
1057
-15
🇲🇽 Franks · Mexico
1012
-13
🇲🇽 Franks · Mexico
989
-12
🇲🇽 Khmer · Mexico
966
-11
Huesped Maldito
0:27 Loom
12:22 Feudal Age
12:51 Double-Bit Axe
14:53 Man-at-Arms
17:58 Wheelbarrow
17:10 Town Watch
22:17 Castle Age
22:43 Gold Mining
23:10 Bow Saw
28:50 Treadmill Crane
34:44 Gold Shaft Mining
34:52 Stone Mining
38:24 Imperial Age
36:24 Husbandry
35:45 Light Cavalry
37:37 Hand Cart
37:22 Town Patrol
39:08 Chivalry
39:29 Conscription
39:24 Forging
39:19 Scale Barding Armor
39:07 Cavalier
40:59 Iron Casting
40:11 Paladin
41:17 Chain Barding Armor
42:21 Fortified Wall
43:12 Chemistry
DooWopShooBop
11:29 Feudal Age
12:45 Loom
15:43 Castle Age
14:19 Stone Mining
14:21 Double-Bit Axe
21:17 Horse Collar
24:06 Scale Barding Armor
24:11 Forging
24:50 Wheelbarrow
24:18 Heavy Plow
24:38 Bow Saw
25:04 Gold Mining
26:22 Chain Barding Armor
26:58 Iron Casting
28:19 Bloodlines
28:10 Husbandry
29:16 Stone Shaft Mining
33:07 Imperial Age
32:45 Caravan
33:15 Coinage
33:11 Cavalier
34:29 Plate Barding Armor
37:10 Ballistics
38:23 Chemistry
39:13 Paladin
RexConquistadorLex
0:32 Loom
10:56 Feudal Age
11:51 Double-Bit Axe
13:25 Town Watch
15:50 Fishing Lines
20:42 Castle Age
21:26 Gillnets
21:53 Bow Saw
28:43 Imperial Age
26:56 Squires
27:04 Gold Mining
27:39 Pikeman
28:26 Stone Mining
29:54 Conscription
30:26 Fervor
29:52 Siege Elephant
30:21 Arson
31:13 Wheelbarrow
30:28 Horse Collar
31:53 Redemption
31:07 Onager
32:44 Sanctity
32:36 Fletching
33:14 Hand Cart
33:30 Block Printing
33:01 Halberdier
34:02 Paiks
34:20 Heavy Plow
35:05 Forging
34:56 Scale Mail Armor
35:46 Gold Shaft Mining
38:22 Iron Casting
38:02 Chain Mail Armor
38:14 Bodkin Arrow
38:30 Siege Engineers
38:46 Ballistics
39:26 Chemistry
39:51 Illumination
39:37 Murder Holes
41:25 Blast Furnace
41:15 Mahayana
acua
6:13 Loom
12:35 Feudal Age
11:02 Double-Bit Axe
13:44 Bow Saw
14:24 Wheelbarrow
13:34 Town Watch
18:33 Castle Age
17:19 Fishing Lines
20:55 Two-Man Saw
23:44 Husbandry
23:05 Cavalier
28:29 Imperial Age
26:15 Gold Mining
26:15 Stone Mining
28:19 Gold Shaft Mining
30:20 Chemistry
29:41 Ballistics
29:45 Paladin
32:13 Scale Barding Armor
32:19 Forging
34:33 Chain Barding Armor
34:52 Conscription
35:20 Burgundian Vineyards
37:30 Hand Cart
39:01 Plate Barding Armor
39:02 Iron Casting
39:51 Flemish Revolution
42:24 Scale Mail Armor
43:24 Blast Furnace
9miniUzzi
1:24 Loom
13:07 Feudal Age
13:33 Double-Bit Axe
14:45 Fishing Lines
23:47 Castle Age
21:41 Gold Mining
24:01 Stone Mining
25:22 Scale Barding Armor
25:19 Gillnets
27:03 Forging
30:13 Fortified Wall
32:46 Husbandry
36:08 Coinage
38:51 Imperial Age
38:06 Chain Barding Armor
39:41 Pikeman
40:08 Cavalier
CyberMendigo
8:39 Loom
11:37 Feudal Age
17:12 Castle Age
16:07 Double-Bit Axe
19:29 Wheelbarrow
19:53 Bow Saw
31:24 Husbandry
31:38 Forging
31:33 Scale Barding Armor
32:06 Hand Cart
31:55 Gold Mining
31:56 Stone Mining
32:21 Town Watch
33:15 Iron Casting
33:19 Gold Shaft Mining
33:47 Chain Barding Armor
38:03 Imperial Age
37:39 Pikeman
38:20 Squires
38:05 Arson
38:06 Gambesons
39:47 Blast Furnace
39:23 Plate Barding Armor
38:13 Cavalier
40:40 Paladin
41:01 Halberdier
Garra_Jaguar
0:27 Loom
9:45 Feudal Age
17:52 Double-Bit Axe
21:23 Castle Age
27:14 Imperial Age
30:32 Fletching
30:49 Scale Barding Armor
30:55 Forging
30:46 Padded Archer Armor
34:13 Chemistry
33:34 Ballistics
39:03 Chain Barding Armor
38:43 Bodkin Arrow
HunterG
2:09 Loom
11:32 Feudal Age
13:31 Double-Bit Axe
13:49 Horse Collar
15:49 Fletching
18:02 Padded Archer Armor
23:43 Castle Age
22:36 Gold Mining
23:51 Crossbowman
24:47 Bow Saw
24:36 Bodkin Arrow
24:44 Heavy Plow
25:21 Leather Archer Armor
26:38 Gold Shaft Mining
28:02 Wheelbarrow
28:37 Thumb Ring
34:13 Squires
35:31 Hand Cart
40:40 Town Watch
Connection lost

Rejoining the realm…

Still unreachable

The connection could not be restored.

Session expired

The server has moved on; the page needs a fresh start.